MWL (24 & UNDER)
WISCONSIN RAPIDS RANGERS @ BARRY'S BAY ORIOLES
09/20/2027
 
TOP OF THE 1ST
Wisconsin Rapids Rangers batting - Pitching for Barry's Bay Orioles : RHP Carl Jones
Pitching: RHP Carl Jones
Batting: LHB Alberto Varela 0-0: SINGLE (Groundball, 2R) (infield hit)
Batting: LHB Javier Mejía 0-0: Ball
1-0: Ball
2-0: Called Strike
2-1: Foul Ball, location: 2F
2-2: Foul Ball, location: 2F
2-2: Foul Ball, location: 2F
2-2: Ball
3-2: Base on Balls
Alberto Varela to second
Batting: RHB Wilfred Martin 0-0: Ball
1-0: Foul Ball, location: 2F
1-1: Foul Ball, location: 2F
1-2: Strikes out swinging
Batting: LHB Luis Rodríguez 0-0: Ball
1-0: Foul Ball, location: 2F
1-1: Ball
2-1: Ball
3-1: Called Strike
3-2: Base on Balls
Alberto Varela to third
Javier Mejía to second
Batting: LHB Ronald Gordon 0-0: SINGLE (Groundball, 6MD)
Alberto Varela scores
Javier Mejía to third
Luis Rodríguez to second
Runner from 3rd tries for Home, SAFE, no throw
Batting: SHB Jacob Wilcox 0-0: Called Strike
0-1: Called Strike
0-2: Strikes out swinging
Batting: LHB Jean-Sébastien Beaudin 0-0: Called Strike
0-1: Ball
1-1: Ball
2-1: Foul Ball, location: 2F
2-2: Strikes out swinging
Top of the 1st over - 2 run(s), 2 hit(s), 0 error(s), 2 left on base; Wisconsin Rapids 2 - Barry's Bay 0
BOTTOM OF THE 1ST
Barry's Bay Orioles batting - Pitching for Wisconsin Rapids Rangers : RHP Nicholas Becker
Pitching: RHP Nicholas Becker
Batting: LHB Ryan Rheaume 0-0: Ball
1-0: Called Strike
1-1: Ball
2-1: Swinging Strike
2-2: Strikes out swinging
Batting: SHB Terry Christian 0-0: Foul Ball, location: 2F
0-1: Ball
1-1: Ground out 1-3 (Groundball, 13S)
Batting: RHB Tomás Díaz 0-0: Ball
1-0: Fly out, F7 (Flyball, 78M)
Bottom of the 1st over - 0 run(s), 0 hit(s), 0 error(s), 0 left on base; Wisconsin Rapids 2 - Barry's Bay 0
TOP OF THE 2ND
Wisconsin Rapids Rangers batting - Pitching for Barry's Bay Orioles : RHP Carl Jones
Batting: RHB Carlos Miranda 0-0: Foul Ball, location: 2F
0-1: Foul Ball, location: 2F
0-2: Ball
1-2: Strikes out swinging
Batting: RHB Luis López 0-0: Ball
1-0: Called Strike
1-1: Called Strike
1-2: Ball
2-2: Foul Ball, location: 2F
2-2: Foul Ball, location: 2F
2-2: Strikes out looking
Batting: LHB Alberto Varela 0-0: Ball
1-0: Called Strike
1-1: Swinging Strike
1-2: Foul Ball, location: 2F
1-2: Ball
2-2: Foul Ball, location: 2F
2-2: Strikes out swinging
Top of the 2nd over - 0 run(s), 0 hit(s), 0 error(s), 0 left on base; Wisconsin Rapids 2 - Barry's Bay 0
BOTTOM OF THE 2ND
Barry's Bay Orioles batting - Pitching for Wisconsin Rapids Rangers : RHP Nicholas Becker
Batting: RHB Lorenzo Silva 0-0: DOUBLE (Line Drive, 9LS)
Batting: RHB Guy Morrison 0-0: Called Strike
0-1: Swinging Strike
0-2: Foul Ball, location: 2F
0-2: Hit by Pitch
Batting: RHB Lee Scott 0-0: Ball
1-0: Foul Ball, location: 2F
1-1: Ball
2-1: Ball
3-1: Foul Ball, location: 2F
3-2: Ground out U3 (Groundball, 34S)
Lorenzo Silva to third
Guy Morrison to second
Batting: RHB Jake Erickson 0-0: Called Strike
0-1: Fly out, F3 (Line Drive, 3L)
Batting: LHB Rodney Harrison 0-0: Foul Ball, location: 2F
0-1: Swinging Strike
0-2: Ball
1-2: Fly out, F8 (Flyball, 8LM)
Bottom of the 2nd over - 0 run(s), 1 hit(s), 0 error(s), 2 left on base; Wisconsin Rapids 2 - Barry's Bay 0
TOP OF THE 3RD
Wisconsin Rapids Rangers batting - Pitching for Barry's Bay Orioles : RHP Carl Jones
Batting: LHB Javier Mejía 0-0: Ball
1-0: Ball
2-0: Ground out U3 (Groundball, 3)
Batting: RHB Wilfred Martin 0-0: Ball
1-0: Fly out, F5 (Popup, 5L)
Batting: LHB Luis Rodríguez 0-0: Ball
1-0: Ground out 4-3 (Groundball, 4)
Top of the 3rd over - 0 run(s), 0 hit(s), 0 error(s), 0 left on base; Wisconsin Rapids 2 - Barry's Bay 0
BOTTOM OF THE 3RD
Barry's Bay Orioles batting - Pitching for Wisconsin Rapids Rangers : RHP Nicholas Becker
Batting: RHB Bill Pike 0-0: Ball
1-0: Ball
2-0: Called Strike
2-1: Foul Ball, location: 2F
2-2: Foul Ball, location: 2F
2-2: Strikes out swinging
Batting: LHB Ryan Rheaume 0-0: Called Strike
0-1: Ball
1-1: Swinging Strike
1-2: Ball
2-2: Strikes out swinging
Batting: SHB Terry Christian 0-0: Ball
1-0: Called Strike
1-1: Ball
2-1: Ground out 4-3 (Groundball, 4S)
Bottom of the 3rd over - 0 run(s), 0 hit(s), 0 error(s), 0 left on base; Wisconsin Rapids 2 - Barry's Bay 0
TOP OF THE 4TH
Wisconsin Rapids Rangers batting - Pitching for Barry's Bay Orioles : RHP Carl Jones
Batting: LHB Ronald Gordon 0-0: Called Strike
0-1: Foul Ball, location: 2F
0-2: Foul Ball, location: 2F
0-2: Foul Ball, location: 2F
0-2: Strikes out swinging
Batting: SHB Jacob Wilcox 0-0: Ball
1-0: Foul Ball, location: 2F
1-1: Ground out 6-3 (Groundball, 6)
Batting: LHB Jean-Sébastien Beaudin 0-0: Ball
1-0: Swinging Strike
1-1: Foul Ball, location: 2F
1-2: Foul Ball, location: 2F
1-2: Foul Ball, location: 2F
1-2: Ball
2-2: Strikes out looking
Top of the 4th over - 0 run(s), 0 hit(s), 0 error(s), 0 left on base; Wisconsin Rapids 2 - Barry's Bay 0
BOTTOM OF THE 4TH
Barry's Bay Orioles batting - Pitching for Wisconsin Rapids Rangers : RHP Nicholas Becker
Batting: RHB Tomás Díaz 0-0: Called Strike
0-1: Called Strike
0-2: Fly out, F3 (Line Drive, 3S)
Batting: RHB Lorenzo Silva 0-0: Called Strike
0-1: Called Strike
0-2: Ball
1-2: Ball
2-2: Strikes out swinging
Batting: RHB Guy Morrison 0-0: Ball
1-0: Ball
2-0: Ball
3-0: Called Strike
3-1: Foul Ball, location: 2F
3-2: Strikes out swinging
Bottom of the 4th over - 0 run(s), 0 hit(s), 0 error(s), 0 left on base; Wisconsin Rapids 2 - Barry's Bay 0
TOP OF THE 5TH
Wisconsin Rapids Rangers batting - Pitching for Barry's Bay Orioles : RHP Carl Jones
Batting: RHB Carlos Miranda 0-0: SINGLE (Groundball, 4MD)
Batting: RHB Luis López 0-0: Grounds into double play, 5-4-3 (Groundball, 5)
Batting: LHB Alberto Varela 0-0: Ground out 5-3 (Groundball, 56)
Top of the 5th over - 0 run(s), 1 hit(s), 0 error(s), 0 left on base; Wisconsin Rapids 2 - Barry's Bay 0
BOTTOM OF THE 5TH
Barry's Bay Orioles batting - Pitching for Wisconsin Rapids Rangers : RHP Nicholas Becker
Batting: RHB Lee Scott 0-0: SINGLE (Line Drive, 3)
Batting: RHB Jake Erickson 0-0: Ball
1-0: Ball
2-0: Ball
3-0: Called Strike
3-1: Base on Balls
Lee Scott to second
Batting: LHB Rodney Harrison 0-0: Foul Ball, location: 2F
0-1: Ball
1-1: Ball
2-1: Ball
3-1: Base on Balls
Lee Scott to third
Jake Erickson to second
Batting: RHB Bill Pike 0-0: Called Strike
0-1: Swinging Strike
0-2: Foul Ball, location: 2F
0-2: Ball
1-2: Strikes out looking
Batting: LHB Ryan Rheaume 0-0: Called Strike
0-1: Fielders Choice at 2nd, 3-6 (Groundball, 34)
Lee Scott scores
Jake Erickson to third
Batting: SHB Terry Christian 0-0: Called Strike
0-1: Fielders Choice at 2nd, 4-6 (Groundball, 4)
Bottom of the 5th over - 1 run(s), 1 hit(s), 0 error(s), 1 left on base; Wisconsin Rapids 2 - Barry's Bay 1
TOP OF THE 6TH
Wisconsin Rapids Rangers batting - Pitching for Barry's Bay Orioles : RHP Carl Jones
Batting: LHB Javier Mejía 0-0: Called Strike
0-1: Ball
1-1: Ball
2-1: Bunt for hit - play at first, batter OUT! 5-3
Batting: RHB Wilfred Martin 0-0: Fly out, F8 (Flyball, 8RS)
Batting: LHB Luis Rodríguez 0-0: Ball
1-0: Ground out 4-3 (Groundball, 4)
Top of the 6th over - 0 run(s), 0 hit(s), 0 error(s), 0 left on base; Wisconsin Rapids 2 - Barry's Bay 1
BOTTOM OF THE 6TH
Barry's Bay Orioles batting - Pitching for Wisconsin Rapids Rangers : RHP Nicholas Becker
Batting: RHB Tomás Díaz 0-0: SINGLE (Groundball, 34D)
Batting: RHB Lorenzo Silva Balk!
Tomás Díaz to second
0-0: Foul Ball, location: 2F
0-1: Called Strike
0-2: Ball
1-2: Foul Ball, location: 2F
1-2: Strikes out looking
Pitching: LHP Gregory Thompson
Batting: RHB Guy Morrison 0-0: Called Strike
0-1: Swinging Strike
0-2: Foul Ball, location: 2F
0-2: Ball
1-2: Strikes out swinging
Batting: RHB Lee Scott 0-0: Fly out, F8 (Flyball, 8RM)
Bottom of the 6th over - 0 run(s), 1 hit(s), 0 error(s), 1 left on base; Wisconsin Rapids 2 - Barry's Bay 1
TOP OF THE 7TH
Wisconsin Rapids Rangers batting - Pitching for Barry's Bay Orioles : RHP Carl Jones
Batting: LHB Ronald Gordon 0-0: Called Strike
0-1: Foul Ball, location: 2F
0-2: Ball
1-2: Foul Ball, location: 2F
1-2: Ball
2-2: Foul Ball, location: 2F
2-2: Ball
3-2: Fly out, F7 (Line Drive, 7S)
Pitching: LHP Roberto Galaz
Batting: SHB Jacob Wilcox 0-0: Foul Ball, location: 2F
0-1: Called Strike
0-2: Ball
1-2: Foul Ball, location: 2F
1-2: Ball
2-2: Ball
3-2: Base on Balls
Batting: LHB Jean-Sébastien Beaudin 0-0: Ball
1-0: Ball
2-0: Fly out, F2 (Popup, 13S)
Batting: RHB Carlos Miranda 0-0: Ball
1-0: Swinging Strike
1-1: Foul Ball, location: 2F
1-2: Foul Ball, location: 2F
1-2: Fly out, F6 (Line Drive, 6M)
Top of the 7th over - 0 run(s), 0 hit(s), 0 error(s), 1 left on base; Wisconsin Rapids 2 - Barry's Bay 1
BOTTOM OF THE 7TH
Barry's Bay Orioles batting - Pitching for Wisconsin Rapids Rangers : LHP Gregory Thompson
Batting: RHB Jake Erickson 0-0: Called Strike
0-1: Ball
1-1: SINGLE (Groundball, 34D)
Pinch Hitting: RHB Juan Morales 0-0: Ball
1-0: Ball
2-0: Ball
3-0: Base on Balls
Jake Erickson to second
Batting: RHB Bill Pike 0-0: Ball
1-0: Foul Ball, location: 2F
1-1: Called Strike
1-2: Foul Ball, location: 2F
1-2: Ball
2-2: Foul Ball, location: 2F
2-2: Ball
3-2: Base on Balls
Jake Erickson to third
Juan Morales to second
Pinch Hitting: RHB Octávio Aldeguer 0-0: Ball
1-0: Fly out, F2 (Popup, 34S)
Batting: SHB Terry Christian 0-0: Called Strike
0-1: Called Strike
0-2: Foul Ball, location: 2F
0-2: Ball
1-2: Ball
2-2: Ball
3-2: Strikes out swinging
Batting: RHB Tomás Díaz 0-0: Ball
1-0: Ball
2-0: Fly out, F9 (Flyball, 9S)
Bottom of the 7th over - 0 run(s), 1 hit(s), 0 error(s), 3 left on base; Wisconsin Rapids 2 - Barry's Bay 1
TOP OF THE 8TH
Wisconsin Rapids Rangers batting - Pitching for Barry's Bay Orioles : LHP Roberto Galaz
Now at 1B: Ignacio Rabelo
Now in RF: Octávio Aldeguer
Batting: RHB Luis López 0-0: Called Strike
0-1: Called Strike
0-2: Strikes out swinging
Batting: LHB Alberto Varela 0-0: Foul Ball, location: 2F
0-1: Ball
1-1: Ball
2-1: Swinging Strike
2-2: Strikes out swinging
Batting: LHB Javier Mejía 0-0: Called Strike
0-1: Ground out 1-3 (Groundball, 13S)
Top of the 8th over - 0 run(s), 0 hit(s), 0 error(s), 0 left on base; Wisconsin Rapids 2 - Barry's Bay 1
BOTTOM OF THE 8TH
Barry's Bay Orioles batting - Pitching for Wisconsin Rapids Rangers : LHP Gregory Thompson
Pitching: RHP Pablo Lima
Batting: RHB Lorenzo Silva 0-0: Ball
1-0: Ball
2-0: Called Strike
2-1: Called Strike
2-2: Foul Ball, location: 2F
2-2: Foul Ball, location: 2F
2-2: Ball
3-2: Base on Balls
Batting: RHB Guy Morrison 0-0: Called Strike
0-1: Grounds into double play, 6-4-3 (Groundball, 6)
Batting: RHB Lee Scott 0-0: Ground out 2-3 (Groundball, 2R)
Bottom of the 8th over - 0 run(s), 0 hit(s), 0 error(s), 0 left on base; Wisconsin Rapids 2 - Barry's Bay 1
TOP OF THE 9TH
Wisconsin Rapids Rangers batting - Pitching for Barry's Bay Orioles : LHP Roberto Galaz
Pitching: RHP Richard Manley
Batting: RHB Wilfred Martin 0-0: Ball
1-0: Swinging Strike
1-1: SINGLE (Line Drive, 8RS)
Batting: LHB Luis Rodríguez 0-0: Ball
1-0: Foul Ball, location: 2F
1-1: Hit by Pitch
Wilfred Martin to second
Batting: LHB Ronald Gordon 0-0: Called Strike
0-1: Swinging Strike
0-2: Ball
1-2: DOUBLE (Line Drive, 5D)
Wilfred Martin scores
Luis Rodríguez to third
Batting: SHB Jacob Wilcox 0-0: Fly out, F7 (Flyball, 7LS)
Batting: LHB Jean-Sébastien Beaudin 0-0: SINGLE (Groundball, 4MD)
Luis Rodríguez scores
Ronald Gordon to third
Runner from 3rd tries for Home, SAFE, throw made home
Pitching: RHP A.J. Martin
Batting: RHB Carlos Miranda 0-0: Ball
1-0: Ball
2-0: Called Strike
2-1: Ball
3-1: Foul Ball, location: 2F
3-2: Ground out 4-3 (Groundball, 4)
Jean-Sébastien Beaudin to second
Batting: RHB Luis López 0-0: Ball
1-0: Ball
2-0: Fly out, F2 (Popup, 25)
Top of the 9th over - 3 run(s), 3 hit(s), 0 error(s), 1 left on base; Wisconsin Rapids 5 - Barry's Bay 1
BOTTOM OF THE 9TH
Barry's Bay Orioles batting - Pitching for Wisconsin Rapids Rangers : RHP Pablo Lima
Batting: RHB Jake Erickson 0-0: Called Strike
0-1: Swinging Strike
0-2: Ball
1-2: Strikes out swinging
Batting: LHB Ignacio Rabelo 0-0: Ball
1-0: SINGLE (Line Drive, 56)
Batting: RHB Bill Pike 0-0: Foul Ball, location: 2F
0-1: Ball
1-1: Foul Ball, location: 2F
1-2: Ball
2-2: Strikes out looking
Batting: RHB Octávio Aldeguer 0-0: Ball
1-0: Ball
2-0: Ball
3-0: Base on Balls
Ignacio Rabelo to second
Pitching: RHP José Padilla
Batting: SHB Terry Christian 0-0: Foul Ball, location: 2F
0-1: Ball
1-1: Fly out, F9 (Flyball, 9)
Bottom of the 9th over - 0 run(s), 1 hit(s), 0 error(s), 2 left on base; Wisconsin Rapids 5 - Barry's Bay 1
Thursday, March 30th, 2017 - OOTP Baseball 17.12 Build 75